 Dungeon Crawl Stone Soup version 0.23-a0-650-ga4d50d4 (webtiles) character file.

17 Hasart the Bolt Thrower (level 2, -10/18 HPs)
             Began as a Kobold Hunter on Jan 6, 2019.
             Mangled by Crazy Yiuf
             ... wielding a +3 quarterstaff of chaos
              (11 damage)
             ... on level 2 of the Dungeon.
             The game lasted 00:01:53 (472 turns).

Hasart the Bolt Thrower (Kobold Hunter)              Turns: 472, Time: 00:01:54

Health: -10/18     AC:  2    Str:  9    XL:     2   Next: 80%
Magic:  2/2        EV: 15    Int: 12    God:
Gold:   32         SH:  0    Dex: 15    Spells: 1/1 levels left

rFire    . . .     SeeInvis .   g - +2 dagger (speed)
rCold    . . .     Gourm    .   (shield restricted)
rNeg     . . .     Faith    .   j - -2 leather armour (curse)
rPois    .         Spirit   .   (no helmet)
rElec    .         Reflect  .   (no cloak)
rCorr    .         Harm     .   (no gloves)
MR       .....                  m - +0 pair of boots
Stlth    ++........             (no amulet)
HPRegen  0.06/turn              (no ring)
MPRegen  0.08/turn              (no ring)

@: no status effects
A: small, carnivore
a: no special abilities


You were on level 2 of the Dungeon.
You were very full.

You visited 1 branch of the dungeon, and saw 2 of its levels.

You collected 32 gold pieces.

Inventory:

Hand Weapons
 a - a +1 hand crossbow
 b - a +0 short sword
 g - a +2 dagger of speed (weapon)
Missiles
 d - 20 bolts
Armour
 c - a +0 leather armour
 j - a cursed -2 leather armour (worn)
 m - a +0 pair of boots (worn)
Scrolls
 e - a scroll of enchant armour {unknown}
 h - a scroll of blinking {unknown}
 l - a scroll of magic mapping {unknown}
Potions
 i - a potion of agility {unknown}
 k - a potion of flight {unknown}
Comestibles
 f - 3 rations


   Skills:
 + Level 2.4 Fighting
 * Level 1.5 Short Blades
 * Level 5.1 Crossbows
 + Level 2.6 Dodging
 - Level 1.3 Stealth


You had one spell level left.
You didn't know any spells.
Your spell library was empty.

Dungeon Overview and Level Annotations

Branches:
Dungeon (1/15)

Altars:

Annotations:
D:2 Crazy Yiuf


Innate Abilities, Weirdness & Mutations

You are small and have problems with some larger weapons.
You are carnivorous and can eat meat at any time.


Message History

You barely miss Crazy Yiuf. Crazy Yiuf closely misses you.
You hit Crazy Yiuf.
Crazy Yiuf is moderately wounded.
You hit Crazy Yiuf but do no damage.
Crazy Yiuf is moderately wounded.
Crazy Yiuf says, "Paint leg King!"
Crazy Yiuf hits you with a +3 quarterstaff of chaos!
Ouch! That really hurt!
You hit Crazy Yiuf but do no damage.
Crazy Yiuf is moderately wounded.
You hit Crazy Yiuf.
Crazy Yiuf is moderately wounded.
Crazy Yiuf completely misses you.
You hit Crazy Yiuf but do no damage.
Crazy Yiuf is moderately wounded.
Crazy Yiuf hits you with a +3 quarterstaff of chaos.
* * * LOW HITPOINT WARNING * * *
Space warps horribly around you!
Ouch! That really hurt!
You die...

#### ###### #)..###
##.#..######
#..g@.####.........).
#...##..#......######
#### ###.#..#.## #
######## ## ... ###
#. #. #.


You could see Crazy Yiuf.

Vanquished Creatures
  A leopard gecko (D:2)
  3 bats
  4 goblins
  2 jackals (D:2)
  A quokka (D:2)
  3 rats
14 creatures vanquished.

Notes
Turn   | Place    | Note
-------+----------+-------------------------------------------
     0 | D:1      | Hasart the Kobold Hunter began the quest for the Orb.
     0 | D:1      | Reached XP level 1. HP: 12/12 MP: 1/1
   112 | D:1      | Reached skill level 1 in Short Blades
   112 | D:1      | Reached skill level 5 in Crossbows
   112 | D:1      | Reached XP level 2. HP: 16/17 MP: 2/2
   150 | D:1      | You fall through a shaft!
   460 | D:2      | Found a runed door.
   464 | D:2      | Noticed Crazy Yiuf
   472 | D:2      | Mangled by Crazy Yiuf

Vault maps used:
D:1:      nagdon_arrival_zigzag_paths, minmay_tetromino_l4
D:2:      lemuel_doored_altar, gammafunk_temple_overflow_claw, uniq_sigmund,
          uniq_natasha, uniq_terence, uniq_crazy_yiuf_cottage

Skill      XL: |  1 |
---------------+----+-----
Short Blades   | 1 |  1.5
Crossbows      | 5 |  5.1
Fighting       | |  2.4
Dodging        | |  2.6
Stealth        | |  1.3

Action                   || total
-------------------------++-------
Melee: Short sword       ||    11
       Dagger            ||    45
 Fire: Hand crossbow     ||     1
 Stab: Sleeping          ||     1
  Eat: Chunk             ||     6
Armor: Leather armour    ||    10
Dodge: Dodged            ||    50

Table legend:
 A = Non-vault XP
 B = Vault XP
 C = Vault XP percentage of total XP
 D = Non-vault monster count
 E = Vault monster count
 F = Vault count percentage of total count
                 A         B        C        D         E       F
            +---------+---------+-------+---------+---------+-------
      Total |      25 |       0 |   0.0 |      14 |       0 |   0.0
            +---------+---------+-------+---------+---------+-------
        D:1 |       9 |       0 |   0.0 |       5 |       0 |   0.0
        D:2 |      16 |       0 |   0.0 |       9 |       0 |   0.0
            +---------+---------+-------+---------+---------+-------
